 Dungeon Crawl Stone Soup version 0.28.0 (webtiles) character file.

Game seed: 1501319609181278093

58 horus123 the Ducker (level 3, -5/29 HPs)
             Began as a Demonspawn Gladiator on Feb 7, 2022.
             Slain by Sigmund (9 damage)
             ... on level 3 of the Dungeon.
             The game lasted 00:02:33 (1875 turns).

horus123 the Ducker (Demonspawn Gladiator)          Turns: 1875, Time: 00:02:34

Health: -5/29      AC:  8    Str: 14    XL:     3   Next: 76%
Magic:  3/3        EV: 13    Int: 11    God:
Gold:   107        SH:  0    Dex: 16    Spells: 2/2 levels left

rFire   . . .      SeeInvis .   a - +0 long sword (freeze)
rCold   . . .      Faith    .   (no shield)
rNeg    . . .      Spirit   .   b - +0 leather armour
rPois   .          Reflect  .   c - +1 helmet
rElec   .          Harm     .   (no cloak)
rCorr   .          Rampage  .   (no gloves)
Will    .....                   g - +2 pair of boots
Stlth   +.........              (no amulet)
HPRegen 0.09/turn               (no ring)
MPRegen 0.08/turn               (no ring)

@: no status effects
A: big brain 1, weakness stinger 1
a: no special abilities


You were on level 3 of the Dungeon.
You visited 1 branch of the dungeon, and saw 3 of its levels.

You collected 107 gold pieces.

Inventory:

Hand Weapons
 a - a +0 long sword of freezing (weapon)
Missiles
 d - 3 throwing nets (quivered)
Armour
 b - a +0 leather armour (worn)
 c - a +1 helmet (worn)
 g - a +2 pair of boots (worn)
 i - +0 fire dragon scales
Scrolls
 e - 2 scrolls of brand weapon
 f - a scroll of enchant weapon {unknown}


   Skills:
 - Level 3.0 Fighting
 - Level 3.0 Long Blades
 - Level 1.7 Throwing
 - Level 3.4 Dodging


You had 2 spell levels left.
You didn't know any spells.
Your spell library contained the following spells:

 Spells                   Type           Power      Damage    Failure   Level
 Inner Flame              Hex/Fire       0%         N/A       80%         3
 Cause Fear               Hex            0%         N/A       99%         4
 Discord                  Hex            0%         N/A       100%        8


Dungeon Overview and Level Annotations

Branches:
Dungeon (3/15)

Altars:
Uskayaw

Annotations:
D:3 Sigmund


Innate Abilities, Weirdness & Mutations

You have an unusually large brain. (Int +2)
You have a small tail.


Message History

Found a robe.
No target in view!
No target in view!
Sigmund the Dreaded comes into view.
He is wielding a +0 scythe.
You see here 13 gold pieces.
You throw a javelin. The javelin pierces through Sigmund!
Sigmund is moderately wounded.
You throw a javelin. The javelin closely misses Sigmund.
Sigmund misses you.
You throw a javelin. The javelin closely misses Sigmund.
Sigmund closely misses you.
You throw a javelin. The javelin barely misses Sigmund.
Sigmund barely misses you.
You throw a javelin. The javelin barely misses Sigmund.
Sigmund barely misses you.
You throw a javelin. The javelin pierces through Sigmund!
Sigmund is heavily wounded.
Sigmund misses you. Sigmund closely misses you.
You hit Sigmund. You freeze Sigmund.
Sigmund is severely wounded.
You hit Sigmund. You freeze Sigmund.
You tail-slap Sigmund, but do no damage.
Sigmund is almost dead.
Sigmund mumbles some strange words.
Sigmund flickers and vanishes!
Deactivating autopickup; reactivate with Ctrl-A.
You hear some strange, mumbled words.
You are confused.
You miss something. Something hits you! Something hits you!
You bump into the rock wall.
Something hits you.
* * * LOW HITPOINT WARNING * * *
You miss something.
Your tail-slap misses something.
You feel less confused.
You hear some strange, mumbled words.
A magic dart appears from out of thin air!
The magic dart hits you.
* * * LOW HITPOINT WARNING * * *
You miss something. Your punch misses something. Something hits you!
You die...

#...###.####..#.#
#.#
##..###.####..#.#
#.#
#..<...........#
#.#
..........###..####
#.# #.........#
#..#######
####.####.#
#........# #.
##.###.######..# #.
..[.....$####.# #.
..........@{(# #.
###.###..####.# #
#.... .......
###...#. #...#..
....... .....


There were no monsters in sight!

Vanquished Creatures
  Jessica (D:2)
  3 bats (D:1)
  8 endoplasms
  2 giant cockroaches (D:1)
  3 goblins
  2 hobgoblins (D:1)
  3 ball pythons
  4 frilled lizards (D:1)
  2 kobolds (D:1)
  2 rats (D:1)
30 creatures vanquished.

Notes
Turn   | Place    | Note
-------+----------+-------------------------------------------
     0 | D:1      | horus123 the Demonspawn Gladiator began the quest for the
                  | Orb.
     0 | D:1      | Reached XP level 1. HP: 16/16 MP: 1/1
   239 | D:1      | Gained mutation: You have an unusually large brain. (Int
                  | +2) [demonic ancestry]
   239 | D:1      | Reached XP level 2. HP: 22/23 MP: 2/2
   241 | D:1      | Found a faded altar of an unknown god.
  1100 | D:2      | Gained mutation: You have a small tail. [demonic ancestry]
  1100 | D:2      | Reached XP level 3. HP: 29/29 MP: 3/3
  1327 | D:2      | Found a hide-covered altar of Uskayaw.
  1657 | D:2      | Noticed Jessica
  1667 | D:2      | Killed Jessica
  1859 | D:3      | Noticed Sigmund
  1875 | D:3      | Slain by Sigmund

Illustrated notes

Levels and vault maps discovered:
D:1:      dpeg_arrival_round_a, layout_basic, chequers_ecumenical_altar_simple
D:2:      layout_loops_cross, basic_altar, uniq_jessica
D:3:      layout_loops_ring, trog_three_pillars_becter, uniq_sigmund

Skill      XL: |  1  2  3 |
---------------+----------+-----
Fighting       | 3 |  3.0
Long Blades    | 3 |  3.0
Dodging        | 3 |  3.4
Throwing       | |  1.7

Action                   || total
-------------------------++-------
Melee: Long sword        ||    75
       Tailslap          ||     1
Throw: Javelin           ||     7
  Use: Scroll            ||     5
Armor: Leather armour    ||    15
Dodge: Dodged            ||    52
